 Dungeon Crawl Stone Soup version 0.21.1-1-g345015fe64 (webtiles) character file.

67405 Oravi the Spry (level 15, -8/183 HPs)
             Began as a Merfolk Transmuter on May 2, 2018.
             Was a High Priest of Okawaru (penitent).
             Mangled by a deep elf blademaster
             ... wielding a +0 rapier
             ... created by the fury of Okawaru
              (10 damage)
             ... on level 12 of the Dungeon on May 3, 2018.
             The game lasted 02:53:46 (25638 turns).

Oravi the Spry (Merfolk Transmuter)                Turns: 25638, Time: 02:53:46

Health: -8/183     AC: 16    Str: 15    XL:     15   Next: 23%
Magic:  26/26      EV: 29    Int: 20    God:    Okawaru [*]
Gold:   1252       SH:  0    Dex: 16    Spells: 8/25 levels left

rFire    + . .     SeeInvis .     - Unarmed
rCold    + . .     Gourm    .   (shield currently unavailable)
rNeg     . . .     Faith    .   I - +2 animal skin {rC+}
rPois    .         Spirit   .   (helmet restricted)
rElec    .         Reflect  .   n - +0 cloak
rCorr    .         Harm     .   (gloves currently unavailable)
MR       +....                  o - +0 pair of boots
Stlth    ..........             q - amulet of regeneration
HPRegen  0.80/turn              l - +5 ring of evasion
MPRegen  0.20/turn              O - ring of protection from fire

@: berserking, icy armour, blade hands, very quick
A: change form in water, swift swim, stealthy swim, horns 1, iridescent scales
1, blink, clever 1, high mp 1, sense surroundings 1
a: End Transformation, Blink, Renounce Religion


You were on level 12 of the Dungeon.
You worshipped Okawaru.
Okawaru was demanding penance.
You were near starving.
You had blades for hands.
You visited 3 branches of the dungeon, and saw 21 of its levels.
You also visited: Ossuary and Ice Cave.

You collected 1252 gold pieces.

Inventory:

Missiles
 a - 193 arrows
 c - 5 javelins
 g - 483 stones (quivered)
 M - a throwing net
Armour
 j - a +0 pair of gloves (melded)
 n - a +0 cloak (worn)
 o - a +0 pair of boots (worn)
 I - a +2 animal skin of cold resistance (worn)
Magical Staves
 T - an uncursed staff of power (melded)
Jewellery
 k - an uncursed ring of ice
 l - a +5 ring of evasion (left scythe-like blade)
 q - an amulet of regeneration (around neck)
 z - an uncursed ring of protection from cold
 D - a +2 ring of dexterity
 L - an uncursed ring of see invisible
 O - a ring of protection from fire (right scythe-like blade)
 P - an uncursed ring of flight
 S - a +3 ring of strength
Wands
 f - a wand of digging (14)
 t - a wand of flame (13)
 x - a wand of disintegration (47)
 B - a wand of paralysis (17)
 E - a wand of iceblast (15)
 G - a wand of acid (5)
 U - a wand of polymorph (6)
 V - a wand of clouds (4)
 Z - a wand of random effects (23)
Scrolls
 b - 2 scrolls of blinking
 s - 5 scrolls of remove curse
 v - 5 scrolls of identify
 y - 3 scrolls of teleportation
 N - a scroll of silence
 W - 2 scrolls of magic mapping
Potions
 e - 2 potions of cancellation
 h - 4 potions of haste
 i - 2 potions of magic
 m - 5 potions of brilliance
 u - a potion of berserk rage
 C - 5 potions of curing
 F - 2 potions of resistance
 H - 3 potions of agility
 J - 2 potions of ambrosia
 R - 2 potions of might
 X - 2 potions of flight
Miscellaneous
 Q - a phial of floods
Comestibles
 d - 35 rations


   Skills:
 + Level 12.7 Fighting
 + Level 15.1 Dodging
 + Level 13.5 Unarmed Combat
 + Level 5.8 Spellcasting
 + Level 7.8 Charms
 - Level 14.1 Transmutations
 - Level 9.0 Ice Magic
 - Level 3.1 Poison Magic


You had 8 spell levels left.
You knew the following spells:

 Your Spells              Type           Power        Failure   Level  Hunger
a - Spider Form           Tmut/Pois      #####.....   14%         3    ##.....
b - Sticks to Snakes      Tmut           ######..     5%          2    None
c - Ice Form              Ice/Tmut       ######..     14%         4    ####...
d - Blade Hands           Tmut           ######....   14%         5    #####..
f - Ozocubu's Armour      Chrm/Ice       #####...     16%         3    ##.....


Dungeon Overview and Level Annotations

Branches:
Dungeon (14/15)            Temple (1/1) D:5            Lair (6/6) D:9
 Shoals (0/4) Lair:3       Spider (0/4) Lair:3        Slime (0/5) Lair:5
    Orc (0/2) D:11
 Vaults: D:13-14

Altars:
Ashenzari
Cheibriados
Dithmenos
Elyvilon
Fedhas
Gozag
Hepliaklqana
Kikubaaqudgha
Makhleb
Nemelex Xobeh
Okawaru
Qazlal
Ru
Sif Muna
Trog
Uskayaw
Vehumet
Wu Jian
Xom
Yredelemnul
Zin
The Shining One
Jiyva

Portals:
Hell: Lair:6

Annotations:
D:10 exclusion: obsidian statue
D:11 exclusion: death knight
D:12 exclusion: hydra


Innate Abilities, Weirdness & Mutations

You revert to your normal form in water.
You are very nimble and swift while swimming.
You are very stealthy in the water. (Stealth+)
You have a pair of small horns on your head.
You are partially covered in iridescent scales. (AC +2)
You can translocate small distances at will.
Your mind is acute. (Int +2)
You have an increased reservoir of magic. (+10% MP)
You passively map a small area around you.


Message History

Your slash misses the deep elf blademaster.
The deep elf blademaster is heavily wounded.
The deep elf blademaster hits you with a rapier!
* * * LOW HITPOINT WARNING * * *
The deep elf blademaster hits you with a rapier!
* * * LOW HITPOINT WARNING * * *
You are too berserk!
You closely miss the deep elf blademaster.
Your headbutt misses the deep elf blademaster.
The deep elf blademaster is heavily wounded.
You slash the deep elf blademaster!
The deep elf blademaster is heavily wounded.
The deep elf blademaster hits you with a rapier.
* * * LOW HITPOINT WARNING * * *
The deep elf blademaster barely misses you.
You slice the deep elf blademaster!!
Your headbutt misses the deep elf blademaster.
The deep elf blademaster is almost dead.
The deep elf blademaster hits you with a rapier!
You die...

#...........#.....#
#...........#>....#
#.........[.#.....#
########################[#.....#
.......................))......#
..........................####.#
..........................# #.#
..........................####.#
..........<.....@e.............#
################################


You could see a deep elf blademaster.

Vanquished Creatures
  Rupert (Lair:3)
  Kirke (Lair:5)
  A frost giant (IceCv)
  The ghost of Kloppie the Grappler, a journeyman TrBe of Trog (Lair:2)
  2 dire elephants
  Harold (Lair:2)
  3 hydras
  Erica (D:9)
  3 death yaks
  6 two-headed ogres
  A sun demon (Lair:6)
  An orange crystal statue (D:10)
  An unseen horror (D:12)
  The ghost of Froggeryz the Cleaver, a novice MiMo (D:5)
  A wizard (Lair:6)
  An ugly thing (D:13)
  3 cyclopes
  A deep elf mage (D:13)
  An ice statue (IceCv)
  3 elephants (Lair:6)
  2 guardian serpents (D:12)
  A torpor snail (Lair:6)
  5 black mambas
  9 spiny frogs
  An orange demon (Lair:6)
  A rime drake (Lair:6)
  2 freezing wraiths (D:11)
  A hellwing (Lair:6)
  A red devil (Lair:6)
  11 komodo dragons
  4 ice devils (Lair:6)
  3 meliai (D:12)
  18 polar bears
  3 hornets (D:12)
  A troll (D:10)
  A snapping turtle (Lair:3)
  13 blink frogs
  12 hippogriffs
  11 slime creatures
  A redback (Lair:3)
  2 wraiths
  37 yaks
  A wyvern (D:11)
  4 hogs
  13 vampire mosquitoes
  A hungry ghost (D:9)
  5 basilisks
  Grum (D:9)
  2 wargs (D:9)
  2 steam dragons
  Menkaure (D:6)
  An acid dragon (D:12)
  Edmund (D:5)
  Duvessa (D:7)
  14 water moccasins
  A soldier ant (D:12)
  4 hell hounds (Lair:6)
  7 porcupines
  An ice beast (D:12)
  5 sky beasts
  4 phantoms
  6 orc warriors
  3 black bears
  2 eyes of draining
  3 ogres
  7 centaurs
  9 crocodiles
  26 wolves
  A big kobold (D:12)
  12 bullfrogs
  A gnoll sergeant (D:6)
  Dowan (D:7)
  A wyvern zombie (D:8)
  A wyvern skeleton (D:9)
  3 scorpions
  20 killer bees
  4 howler monkeys
  8 wights
  An electric eel (Lair:2)
  5 crimson imps
  3 centaur zombies
  3 bullfrog zombies
  8 hounds
  3 jellies
  A quasit (D:7)
  9 orc priests
  A bullfrog skeleton (D:6)
  A centaur skeleton (D:6)
  5 worker ants
  9 iguanas
  16 orc wizards
  A big kobold zombie (Ossuary)
  3 mummies (Ossuary)
  Robin (D:2)
  A howler monkey zombie (D:10)
  A howler monkey skeleton (D:4)
  11 adders
  28 gnolls
  4 shadow imps
  12 white imps (D:13)
  3 oozes
  2 worms (D:4)
  9 leopard geckos
  46 orcs
  2 ball pythons
  6 giant cockroaches
  3 gnoll zombies
  15 goblins
  9 hobgoblins
  2 jackals (D:5)
  3 quokkas
  3 bats
  3 frilled lizards
  2 goblin zombies (Ossuary)
  A hobgoblin zombie (Ossuary)
  A jackal skeleton (D:6)
  12 kobolds
  3 kobold zombies (Ossuary)
  A leopard gecko skeleton (D:8)
  A leopard gecko zombie (D:6)
  8 rats
613 creatures vanquished.

Vanquished Creatures (collateral kills)
  A hydra (Lair:5)
  A spiny frog (Lair:5)
  A dream sheep (Lair:6)
  A yak (Lair:2)
  3 hogs (Lair:5)
  A water moccasin (Lair:6)
8 creatures vanquished.

Vanquished Creatures (others)
  An orc wizard (D:8)
  5 fungi
  4 plants
10 creatures vanquished.

Grand Total: 631 creatures vanquished

Notes
Turn   | Place    | Note
-------+----------+-------------------------------------------
     0 | D:1      | Oravi the Merfolk Transmuter began the quest for the Orb.
     0 | D:1      | Reached XP level 1. HP: 15/15 MP: 3/3
   165 | D:1      | Reached XP level 2. HP: 19/21 MP: 3/5
   173 | D:1      | Learned a level 2 spell: Sticks to Snakes
   675 | D:2      | Reached XP level 3. HP: 20/26 MP: 1/6
   680 | D:2      | Learned a level 3 spell: Spider Form
   793 | D:2      | Noticed Robin
   806 | D:2      | Killed Robin
  1095 | D:2      | Reached XP level 4. HP: 27/32 MP: 4/7
  1227 | D:2      | Reached skill level 1 in Poison Magic
  1583 | D:2      | Reached XP level 5. HP: 37/37 MP: 1/8
  1589 | D:2      | Reached skill level 5 in Transmutations
  2442 | D:3      | Reached skill level 5 in Unarmed Combat
  2449 | D:3      | Reached skill level 3 in Dodging
  2449 | D:3      | Reached XP level 6. HP: 27/43 MP: 4/9
  3146 | D:4      | Noticed a moth of wrath
  3149 | D:4      | Found a bloodstained altar of Trog.
  3894 | D:5      | Entered Level 5 of the Dungeon
  3969 | D:5      | Found a staircase to the Ecumenical Temple.
  3974 | D:5      | Noticed Edmund
  3990 | D:5      | Noticed Froggeryz's ghost (novice MiMo)
  3990 | D:5      | Killed Edmund
  3990 | D:5      | Reached skill level 4 in Dodging
  3990 | D:5      | Reached XP level 7. HP: 28/51 MP: 8/10
  3994 | Temple   | Entered the Ecumenical Temple
  4032 | Temple   | Became a worshipper of Warmaster Okawaru
  4898 | D:5      | Reached skill level 5 in Dodging
  4947 | D:5      | Reached * piety under Okawaru
  4947 | D:5      | Reached XP level 8. HP: 53/60 MP: 8/11
  5382 | D:6      | Reached skill level 6 in Dodging
  5760 | D:6      | Reached skill level 5 in Fighting
  5806 | D:6      | Found a sand-covered staircase.
  5812 | Ossuary  | Entered an ossuary
  5812 | Ossuary  | Noticed a wraith
  5812 | Ossuary  | Noticed a wraith
  5812 | Ossuary  | Noticed a wraith
  5883 | Ossuary  | Noticed a wraith
  5919 | Ossuary  | Gained mutation: You are clumsy. (Dex -2) [potion of mutation]
  5919 | Ossuary  | Gained mutation: You are robust. (+10% HP) [potion of mutation]
  5919 | Ossuary  | Gained mutation: You are partially covered in large bone plates. (SH +4) [potion of mutation]
  5920 | Ossuary  | Lost mutation: You are robust. (+10% HP) [potion of mutation]
  5920 | Ossuary  | Lost mutation: You are clumsy. (Dex -2) [potion of mutation]
  5920 | Ossuary  | Gained mutation: You are partially covered in iridescent scales. (AC +2) [potion of mutation]
  5920 | Ossuary  | Gained mutation: Your magical capacity is low. (-10% MP) [potion of mutation]
  5920 | Ossuary  | Gained mutation: You can translocate small distances at will. [potion of mutation]
  5920 | Ossuary  | Gained mutation: You have a pair of small horns on your head. [potion of mutation]
  6112 | Ossuary  | Killed a wraith
  6112 | Ossuary  | Reached skill level 7 in Dodging
  6112 | Ossuary  | Reached XP level 9. HP: 64/68 MP: 6/10
  6152 | Ossuary  | Reached ** piety under Okawaru
  6284 | D:6      | Noticed Menkaure
  6295 | D:6      | Killed Menkaure
  6633 | D:6      | Found a basalt altar of Yredelemnul.
  6825 | D:7      | Lost mutation: Your magical capacity is low. (-10% MP) [potion of mutation]
  6825 | D:7      | Lost mutation: You are partially covered in large bone plates. (SH +4) [potion of mutation]
  6825 | D:7      | Gained mutation: Your mind is acute. (Int +2) [potion of mutation]
  6825 | D:7      | Gained mutation: You have an increased reservoir of magic. (+10% MP) [potion of mutation]
  6825 | D:7      | Gained mutation: You passively map a small area around you. [potion of mutation]
  7045 | D:7      | Noticed Duvessa
  7045 | D:7      | Noticed Dowan
  7057 | D:7      | Killed Duvessa
  7061 | D:7      | Killed Dowan
  7410 | D:8      | Reached skill level 8 in Dodging
  7431 | D:8      | Learned a level 4 spell: Ice Form
  7466 | D:8      | Reached *** piety under Okawaru
  7482 | D:8      | Noticed a two-headed ogre
  7505 | D:7      | Killed a two-headed ogre
  7505 | D:7      | Reached **** piety under Okawaru
  7505 | D:7      | Reached skill level 9 in Dodging
  7505 | D:7      | Reached XP level 10. HP: 29/79 MP: 10/14
  7809 | D:8      | Found a basalt altar of Yredelemnul.
  7900 | D:7      | Reached skill level 10 in Transmutations
  8926 | D:8      | Got a smoking spear
  8927 | D:8      | Identified the +4 spear "Qyeskelung" {pierce, rF+ rN+ Str+4} (You found it on level 8 of the Dungeon)
  8972 | D:9      | Noticed a two-headed ogre
  8989 | D:8      | Killed a two-headed ogre
  9036 | D:9      | Reached skill level 10 in Dodging
  9337 | D:9      | Found a hide-covered altar of Uskayaw.
  9351 | D:9      | Noticed Grum
  9363 | D:9      | Killed Grum
  9377 | D:9      | Noticed Erica
  9396 | D:9      | Killed Erica
  9396 | D:9      | Reached ***** piety under Okawaru
  9396 | D:9      | Reached XP level 11. HP: 87/87 MP: 12/15
  9406 | D:9      | Noticed a two-headed ogre
  9416 | D:9      | Killed a two-headed ogre
  9416 | D:9      | Reached skill level 10 in Unarmed Combat
  9416 | D:9      | Reached skill level 1 in Ice Magic
  9630 | D:9      | Found a staircase to the Lair.
  9845 | D:9      | Noticed a two-headed ogre
  9859 | D:9      | Killed a two-headed ogre
 10089 | D:9      | Reached skill level 11 in Dodging
 10490 | D:10     | Entered Level 10 of the Dungeon
 10550 | D:10     | Learned a level 5 spell: Blade Hands
 10618 | D:10     | Noticed a two-headed ogre
 10626 | D:10     | Killed a two-headed ogre
 10740 | D:10     | Noticed an orange crystal statue
 10868 | D:10     | Received a gift from Okawaru
 10875 | D:10     | Reached ****** piety under Okawaru
 11295 | D:10     | Noticed an obsidian statue
 11447 | D:10     | Noticed a two-headed ogre
 11476 | D:10     | Killed a two-headed ogre
 11476 | D:10     | Reached XP level 12. HP: 68/97 MP: 16/16
 12216 | D:11     | Found a staircase to the Orcish Mines.
 12223 | D:11     | Noticed a death knight
 12434 | D:11     | Reached skill level 10 in Fighting
 12434 | D:11     | Reached skill level 5 in Ice Magic
 12598 | D:11     | Reached skill level 12 in Dodging
 13114 | D:12     | Received a gift from Okawaru
 13956 | D:12     | Found a sacrificial altar of Ru.
 14296 | D:12     | Noticed a seven-headed hydra
 14659 | D:12     | Learned a level 3 spell: Ozocubu's Armour
 14810 | D:12     | Received a gift from Okawaru
 14810 | D:12     | Reached skill level 1 in Charms
 14811 | D:12     | Got a faintly glowing bardiche {god gift}
 15268 | D:12     | Reached XP level 13. HP: 98/104 MP: 13/19
 15847 | D:13     | Found a frozen archway.
 15865 | IceCv    | Entered an ice cave
 16188 | IceCv    | Reached skill level 13 in Dodging
 16487 | IceCv    | Received a gift from Okawaru
 16930 | IceCv    | Noticed a frost giant
 16949 | IceCv    | Killed a frost giant
 17228 | IceCv    | Identified the +6 bardiche of Mutilation {pain, rPois MR+} (Okawaru gifted it to you on level 12 of the Dungeon)
 17624 | Lair:1   | Entered Level 1 of the Lair of Beasts
 18339 | Lair:2   | Noticed Kloppie's ghost (journeyman TrBe)
 18360 | Lair:2   | Killed Kloppie's ghost
 18360 | Lair:2   | Received a gift from Okawaru
 18528 | Lair:2   | Noticed Harold
 18550 | Lair:2   | Killed Harold
 18675 | Lair:2   | Reached XP level 14. HP: 108/113 MP: 20/20
 18908 | Lair:2   | Reached skill level 5 in Charms
 19461 | Lair:3   | Noticed Rupert
 19543 | Lair:3   | Killed Rupert
 19574 | Lair:3   | Found a staircase to the Shoals.
 19622 | Lair:3   | Reached skill level 14 in Dodging
 20200 | Lair:3   | Found a hole to the Spider Nest.
 20363 | Lair:3   | Received a gift from Okawaru
 21618 | Lair:5   | Found a viscous altar of Jiyva.
 21619 | Lair:5   | Found a staircase to the Slime Pits.
 21924 | Lair:5   | Noticed Kirke
 22571 | Lair:5   | Killed Kirke
 22581 | Lair:6   | Entered Level 6 of the Lair of Beasts
 22942 | Lair:6   | Reached skill level 5 in Spellcasting
 23519 | Lair:6   | Received a gift from Okawaru
 23573 | Lair:6   | Noticed a dire elephant
 23620 | Lair:5   | Killed a dire elephant
 23620 | Lair:5   | Reached XP level 15. HP: 94/122 MP: 19/25
 24140 | Lair:6   | Found a burning altar of Makhleb.
 24159 | Lair:6   | Reached skill level 15 in Dodging
 24475 | Lair:6   | Found a gateway to Hell.
 24800 | D:5      | Killed Froggeryz's ghost
 25270 | D:10     | Was placed under penance by Okawaru
 25294 | D:10     | Noticed an orc warlord
 25294 | D:10     | Noticed a titan
 25447 | D:12     | Noticed a deep elf blademaster
 25447 | D:12     | Noticed a frost giant
 25635 | D:12     | HP: 5/183 [deep elf blademaster/rapier[the fury of Okawaru] (14)]
 25637 | D:12     | HP: 2/183 [deep elf blademaster/rapier[the fury of Okawaru] (4)]
 25638 | D:12     | Mangled by a deep elf blademaster

Skill      XL: |  1  2  3  4  5  6  7  8  9 10 11 12 13 14 15 |
---------------+----------------------------------------------+-----
Transmutations | 3 4 5 6 8 9 11 12 13 14 | 14.1
Unarmed Combat | 4 5 6 7 8 9 10 11 12 13 | 13.5
Poison Magic   | 1 2 3 |  3.1
Dodging        | 3 4 5 7 9 10 11 12 13 14 15 | 15.1
Fighting       | 2 3 5 7 8 9 10 11 12 | 12.7
Ice Magic      | 4 6 8 9 |  9.0
Spellcasting   | 3 5 |  5.8
Charms         | 1 4 7 |  7.8

Action                   |  1- 3 |  4- 6 |  7- 9 | 10-12 | 13-15 || total
-------------------------+-------+-------+-------+-------+-------++-------
Melee: Unarmed           |    86 |   150 |   350 |   714 |  1002 ||  2302
       Headbutt          |     4 |       |       |    20 |    22 ||    46
       Punch             |     1 |       |       |     4 |     6 ||    11
       Tailslap          |       |       |       |       |     1 ||     1
       Staff             |       |       |       |       |     2 ||     2
 Cast: Beastly Appendage |    12 |     2 |       |       |       ||    14
       Spider Form       |     2 |    25 |    44 |    64 |    31 ||   166
       Blade Hands       |       |       |       |    11 |    11 ||    22
       Sticks to Snakes  |       |       |       |     1 |    45 ||    46
       Ozocubu's Armour  |       |       |       |     2 |    50 ||    52
       Ice Form          |       |       |       |       |    36 ||    36
Invok: Heroism           |       |       |     3 |    10 |    15 ||    28
 Abil: End Transformatio |       |       |       |     3 |     6 ||     9
  Use: Potion            |     1 |       |    10 |     3 |     3 ||    17
       Scroll            |       |    10 |    11 |     5 |    13 ||    39
 Stab: Sleeping          |     1 |     1 |     1 |     2 |       ||     5
       Distracted        |       |       |       |     1 |     5 ||     6
       Confused          |       |       |       |       |     1 ||     1
  Eat: Chunk             |     1 |    13 |    17 |    30 |    39 ||   100
       Ration            |       |       |       |     2 |     3 ||     5
Armor: Robe              |     4 |     5 |     5 |     1 |       ||    15
       Skin              |       |     3 |     5 |     8 |    85 ||   101
       Animal skin       |       |       |       |     7 |    10 ||    17
Dodge: Dodged            |    47 |   118 |   410 |   873 |  1218 ||  2666
Block: Other             |       |       |     1 |       |       ||     1
